 Dungeon Crawl Stone Soup version 0.25-a0-71-ge910a4a285 (webtiles) character file.

Game seed: 4107897028850839237, levelgen mode: deterministic

2050765 littletow the Slayer (level 27, 248/248 HPs)
             Began as an Octopode Monk on Nov 4, 2019.
             Was the Champion of Okawaru.
             Escaped with the Orb
             ... and 4 runes!
             The game lasted 02:54:45 (88941 turns).

littletow the Slayer (Octopode Monk)               Turns: 88941, Time: 02:54:45

Health: 248/248    AC: 17    Str: 22    XL:     27
Magic:  32/32      EV: 30    Int: 25    God:    Okawaru [******]
Gold:   887        SH: 32    Dex: 22    Spells: 1/54 levels left

rFire    + + +     SeeInvis .   N - +8 mithril axe "Arga" {speed, MR+}
rCold    + . .     Gourm    .   z - +5 large shield {AC+3}
rNeg     + . .     Faith    .   x - +5 hat of Ciymeq {+Blink rElec Int+6}
rPois    +         Spirit   .   m - amulet "Uze Tua" {Reflect rElec rF+ MP-9 SH+4}
rElec    +         Reflect  +   f - ring "Wooja" {rPois rC+}
rCorr    +         Harm     .   r - +5 ring of evasion
MR       +++..     Rnd*Tele +   R - +4 ring of protection
Stlth    ++........             O - ring of Johepnel {rN+ Str+3 Dex+4 Stlth+}
HPRegen  0.51/turn              Q - +2 ring of protection
MPRegen  0.23/turn              P - ring of Laeda {rElec rF+++ MR- Str+2 Int+2}
                                v - ring "Vomazib" {+Blink rCorr Dex+2 Slay+3 Stlth+}
                                h - ring of protection from magic

@: studying Throwing
A: almost no armour, stealthy swim, amphibious, 8 rings, constrict 8, beak,
yellow scales 1, camouflage 1, mutation resistance 1, robust 2, teleportitis 1,
gelatinous body 1
0: Orb of Zot
}: 4/15 runes: serpentine, barnacled, slimy, silver
a: Heroism, Finesse, Renounce Religion, Evoke Blink


You escaped.
You worshipped Okawaru.
Okawaru was exalted by your worship.
You were very hungry.

You visited 11 branches of the dungeon, and saw 55 of its levels.
You visited the Abyss 1 time.
You also visited: Desolation.

You collected 7728 gold pieces.
You spent 6841 gold pieces at shops.

Inventory:

Hand Weapons
 N - the +8 mithril axe "Arga" (weapon) {speed, MR+}
   (You took it off an ironbrand convoker on level 5 of the Vaults)

   Attacks with this weapon are significantly faster.
   It affects your resistance to hostile enchantments.
Missiles
 u - 67 silver javelins
 E - 14 throwing nets (quivered) {!f}
Armour
 x - the +5 hat of Ciymeq (worn) {+Blink rElec Int+6}
   (Okawaru gifted it to you on level 5 of the Vaults)

   It affects your intelligence (+6).
   It insulates you from electricity.
   It lets you blink.
 z - a +5 large shield of protection (worn)
Jewellery
 f - the ring "Wooja" (left tentacle) {rPois rC+}
   (You found it on level 3 of the Elven Halls)

   [ring of poison resistance]

   It protects you from cold.
   It protects you from poison.
 h - a ring of protection from magic (on tentacle)
 m - the amulet "Uze Tua" (around mantle) {Reflect rElec rF+ MP-9 SH+4}
   (You acquired it on level 1 of the Orcish Mines)

   [amulet of reflection]

   It shields you and reflects attacks.
   It protects you from fire.
   It insulates you from electricity.
   It affects your magic capacity (-9).
   It affects your SH (+4).
 p - the ring of Xophizxe {+Inv Int-3 Dex+4 Stlth+}
   (You found it on level 3 of the Elven Halls)

   [ring of intelligence]

   It affects your intelligence (-3).
   It affects your dexterity (+4).
   It lets you turn invisible.
   It makes you more stealthy.
 q - an uncursed ring of see invisible
 r - a +5 ring of evasion (right tentacle)
 v - the ring "Vomazib" (on tentacle) {+Blink rCorr Dex+2 Slay+3 Stlth+}
   (You found it on level 3 of the Elven Halls)

   [ring of resist corrosion]

   It affects your dexterity (+2).
   It affects your accuracy and damage with ranged weapons and melee attacks
   (+3).
   It lets you blink.
   It provides partial protection from all sources of acid and corrosion.
   It makes you more stealthy.
 D - an uncursed ring of wizardry
 O - the ring of Johepnel (on tentacle) {rN+ Str+3 Dex+4 Stlth+}
   (You found it in the Desolation of Salt)

   [ring of stealth]

   It affects your strength (+3).
   It affects your dexterity (+4).
   It protects you from negative energy.
   It makes you more stealthy.
 P - the ring of Laeda (on tentacle) {rElec rF+++ MR- Str+2 Int+2}
   (You found it on level 3 of the Elven Halls)

   [ring of intelligence]

   It affects your strength (+2).
   It affects your intelligence (+2).
   It renders you almost immune to fire.
   It insulates you from electricity.
   It affects your resistance to hostile enchantments.
 Q - a +2 ring of protection (on tentacle)
 R - a +4 ring of protection (on tentacle)
Wands
 g - a wand of digging (10)
 k - a wand of scattershot (4)
 y - a wand of paralysis (18)
 S - a wand of iceblast (22)
 U - a wand of acid (15)
 W - a wand of enslavement (38)
Scrolls
 a - a scroll of summoning
 i - 2 scrolls of fog
 j - 2 scrolls of identify {@r1}
 t - 3 scrolls of blinking
 w - 12 scrolls of teleportation {@r3}
 B - 3 scrolls of silence
 C - a scroll of magic mapping
 J - 3 scrolls of holy word
 V - 5 scrolls of fear
Potions
 c - 9 potions of brilliance
 n - 3 potions of resistance
 o - 10 potions of might
 s - 5 potions of cancellation
 A - 5 potions of agility
 G - 11 potions of heal wounds
 H - 18 potions of curing {@q1}
 T - a potion of invisibility
 X - 6 potions of magic
 Y - a potion of haste
Books
 d - a manual of Throwing
Miscellaneous
 I - 4 boxes of beasts
 L - 3 phantom mirrors
 Z - 6 sacks of spiders
Comestibles
 b - 67 rations


   Skills:
 - Level 22.0 Fighting
   Level 3.0 Short Blades
 - Level 18.0 Axes
 - Level 6.0 Throwing
 - Level 13.6 Dodging
 - Level 2.6 Stealth
 - Level 20.0 Shields
 - Level 14.0 Spellcasting
 - Level 5.0 Hexes
 - Level 7.0 Charms
 - Level 14.0 Summonings
 - Level 14.4 Necromancy
 - Level 5.0 Translocations
   Level 3.0 Ice Magic
 - Level 8.0 Air Magic
 - Level 5.0 Earth Magic
 - Level 8.0 Invocations
 * Level 21.9 Evocations


You had one spell level left.
You knew the following spells:

 Your Spells              Type           Power        Failure   Level  Hunger
a - Summon Mana Viper     Hex/Summ       ######..     3%          5    ##.....
b - Borgnjor's Vile Clut  Necr/Erth      ######....   3%          5    ##.....
c - Silence               Hex/Air        ######....   12%         5    ##.....
d - Regeneration          Chrm/Necr      ######....   1%          3    None
f - Animate Dead          Necr           N/A          1%          4    None
g - Deflect Missiles      Chrm/Air       ######....   41%         6    ####...
h - Passwall              Tmut/Erth      ####....     3%          2    None
i - Summon Forest         Summ/Tloc      ######....   3%          5    ##.....
j - Blink                 Tloc           N/A          1%          2    None
k - Shadow Creatures      Summ           N/A          3%          6    ####...
l - Dispel Undead         Necr           ######..     1%          5    ##.....
m - Aura of Abjuration    Summ           ######....   1%          5    ##.....

Your spell library contained the following spells:

 Spells                   Type           Power        Failure   Level  Hunger
 Animate Skeleton         Necr           N/A          0%          1    None
 Pain                     Necr           ####         0%          1    None
 Apportation              Tloc           #####.       1%          1    None
 Confusing Touch          Hex            #####.       1%          1    None
 Corona                   Hex            #####..      1%          1    None
 Freeze                   Ice            ####         1%          1    None
 Infusion                 Chrm           ####         1%          1    None
 Shock                    Conj/Air       ####         1%          1    None
 Summon Small Mammal      Summ           ####         1%          1    None
 Beastly Appendage        Tmut           ###...       6%          1    None
 Flame Tongue             Conj/Fire      ###..        6%          1    None
 Magic Dart               Conj           ###.         6%          1    None
 Sting                    Conj/Pois      ###.         6%          1    None
 Call Imp                 Summ           ######..     1%          2    None
 Corpse Rot               Necr           N/A          1%          2    None
 Ensorcelled Hibernation  Hex/Ice        #####.       1%          2    None
 Poisonous Vapours        Pois/Air       #####.       1%          2    None
 Slow                     Hex            #####...     1%          2    None
 Song of Slaying          Chrm           ######..     1%          2    None
 Sublimation of Blood     Necr           ######....   1%          2    None
 Swiftness                Chrm/Air       ######..     1%          2    None
 Call Canine Familiar     Summ           ######..     1%          3    None
 Recall                   Summ/Tloc      N/A          1%          3    None
 Summon Guardian Golem    Hex/Summ       ######..     1%          3    None
 Vampiric Draining        Necr           ######....   1%          3    None
 Summon Ice Beast         Ice/Summ       ######..     1%          4    None
 Summon Lightning Spire   Summ/Air       ######..     1%          4    None
 Agony                    Necr           ######..     1%          5    ##.....
 Summon Demon             Summ           ######....   1%          5    ##.....
 Confuse                  Hex            #####...     2%          3    None
 Ozocubu's Armour         Chrm/Ice       #####...     2%          3    None
 Tukima's Dance           Hex            #####...     2%          3    None
 Airstrike                Air            ######....   2%          4    None
 Excruciating Wounds      Chrm/Necr      ######....   2%          5    ##.....
 Death Channel            Necr           ######....   2%          6    ####...
 Static Discharge         Conj/Air       #####...     3%          3    None
 Mephitic Cloud           Conj/Pois/Air  ####....     6%          3    None
 Dazzling Spray           Conj/Hex       ####..       7%          3    None
 Inner Flame              Hex/Fire       ####....     7%          3    None
 Leda's Liquefaction      Hex/Erth       #####.....   8%          4    None
 Bolt of Draining         Conj/Necr      ######....   9%          5    ##.....
 Searing Ray              Conj           ###...       10%         2    None
 Sticks to Snakes         Tmut           ###.....     10%         2    None
 Throw Flame              Conj/Fire      ###...       10%         2    None
 Haunt                    Necr/Summ      ######....   16%         7    ######.
 Monstrous Menagerie      Summ           ######....   17%         7    ######.
 Summon Greater Demon     Summ           ######....   17%         7    ######.
 Conjure Flame            Conj/Fire      ###.....     19%         3    None
 Ignite Poison            Fire/Tmut/Pois ###.....     19%         3    None
 Spider Form              Tmut/Pois      ###.......   19%         3    None
 Force Lance              Conj/Tloc      ####....     22%         4    None
 Fulminant Prism          Conj/Hex       ####......   22%         4    None
 Petrify                  Tmut/Erth      ####....     22%         4    None
 Simulacrum               Ice/Necr       ######....   26%         6    ####...
 Ice Form                 Ice/Tmut       ####....     32%         4    None
 Lightning Bolt           Conj/Air       #####.....   32%         5    ##.....
 Iskenderun's Battlesphe  Conj/Chrm      #####...     38%         5    ##.....
 Iskenderun's Mystic Bla  Conj           ###.....     52%         4    None
 Olgreb's Toxic Radiance  Pois           ###.....     52%         4    None
 Sticky Flame             Conj/Fire      ###.....     52%         4    None
 Bolt of Magma            Conj/Fire/Erth ####......   65%         5    ##.....
 Malign Gateway           Summ/Tloc      ######....   71%         7    ######.
 Borgnjor's Revivificati  Necr           ######....   73%         8    #######
 Infestation              Necr           ######....   73%         8    #######
 Summon Horrible Things   Summ           ######....   78%         8    #######
 Alistair's Intoxication  Tmut/Pois      ###.....     86%         5    ##.....
 Blade Hands              Tmut           ###.......   86%         5    ##.....
 Fireball                 Conj/Fire      ###.......   86%         5    ##.....
 Irradiate                Conj/Tmut      ###.......   86%         5    ##.....
 Venom Bolt               Conj/Pois      ###.......   86%         5    ##.....
 Conjure Ball Lightning   Conj/Air       #####.....   88%         6    ####...
 Freezing Cloud           Conj/Ice/Air   #####.....   91%         6    ####...
 Spellforged Servitor     Conj/Summ      ######....   96%         7    ######.
 Iron Shot                Conj/Erth      ####......   98%         6    ####...
 Statue Form              Tmut/Erth      ####.....    98%         6    ####...
 Bolt of Cold             Conj/Ice       ####......   99%         6    ####...
 Death's Door             Chrm/Necr      ######....   99%         8    #######
 Bolt of Fire             Conj/Fire      ###.......   100%        6    ####...
 Hydra Form               Tmut           ###.......   100%        6    ####...
 Poison Arrow             Conj/Pois      ###.......   100%        6    ####...
 Dragon Form              Tmut           ###.......   100%        7    ######.
 Ring of Flames           Chrm/Fire      #####.....   100%        7    ######.
 Chain Lightning          Conj/Air       #####.....   100%        8    #######
 Ignition                 Fire           ###.......   100%        8    #######
 Lehudib's Crystal Spear  Conj/Erth      ####......   100%        8    #######
 Necromutation            Tmut/Necr      ######....   100%        8    #######
 Fire Storm               Conj/Fire      ###.......   100%        9    #######
 Glaciate                 Conj/Ice       ####......   100%        9    #######
 Shatter                  Erth           #####.....   100%        9    #######
 Tornado                  Air            ######....   100%        9    #######


Dungeon Overview and Level Annotations

Branches:
Dungeon (15/15)            Temple (1/1) D:7            Lair (6/6) D:9
 Shoals (4/4) Lair:4        Snake (4/4) Lair:2        Slime (5/5) Lair:5
    Orc (2/2) D:12            Elf (3/3) Orc:2        Vaults (5/5) D:14
  Crypt (0/3) Vaults:3     Depths (5/5) D:15            Zot (5/5) Depths:5
Desolation (visited)

Altars:
Ashenzari
Cheibriados
Dithmenos
Elyvilon
Fedhas
Gozag
Hepliaklqana
Kikubaaqudgha
Makhleb
Nemelex Xobeh
Okawaru
Qazlal
Ru
Sif Muna
Trog
Uskayaw
Vehumet
Wu Jian
Xom
Yredelemnul
Zin
The Shining One
Beogh
Jiyva

Shops:
D:4 *[?!   D:6 *   D:8 !   D:15 }   Orc:2 (:?!   Elf:3 [   Shoals:3 *
Snake:2 =}}   Snake:3 :?   Vaults:2 ([([   Vaults:3 [   Depths:3 (

Portals:
Hell: Depths:1 Depths:2 Depths:3* Depths:4 Depths:5
Abyss: Depths:1 Depths:2 Depths:3 Depths:4
Pandemonium: Depths:2 Depths:3
Ziggurat: Depths:2

Annotations:
D:4 2 runed translucent doors
D:6 exclusion: door
D:11 1 exclusion
Shoals:2 1 runed translucent door, TimeIsEndless's ghost, journeyman HuFi
Shoals:4 1 runed translucent door, fly's ghost, adept MiGl
Elf:2 3 runed translucent doors
Vaults:1 Oqaxass's ghost, adept BaSu
Depths:5 1 runed translucent door, Hettah's ghost, veteran GnWz
Zot:4 1 exclusion


Innate Abilities, Weirdness & Mutations

You cannot wear most types of armour.
You are very stealthy in the water. (Stealth+)
You are amphibious.
You can wear up to eight rings at the same time.
You can use your tentacles to constrict eight enemies at once.
Your skin changes colour to match your surroundings (Stealth+).
Your rubbery body absorbs attacks. (AC +1, EV +1)
You have a beak for a mouth.
You are partially covered in yellow scales. (AC +2)
You are somewhat resistant to further mutation.
You are very robust. (+20% HP)
You are occasionally teleported next to monsters.


Message History

The monstrous demonspawn begins absorbing vital energies!
There is a stone staircase leading up here.
You climb upwards.
There is a stone staircase leading down here.
(D) Dungeon (T) Temple (L) Lair (A) Shoals (P) Snake Pit (M) Slime Pits (O) Orcish Mines (E) Elven Halls (V) Vaults (C) Crypt (U) Depths (H) Hell (Z) Zot
Where to? (Enter - D:1, ? - help)
There is a stone staircase leading up here.
You climb upwards.
There is a stone staircase leading down here.
There is a stone staircase leading up here.
You are feeling very hungry.
You climb upwards.
There is a stone staircase leading down here.
There is an open door here.
There is an open door here.
There is a staircase leading out of the dungeon here.
You have escaped!

..#.....#####.###.##..###........
........#...#...#.###...#.....###
###....##.#.###.#.#####.##....# #
..#...'#..#.....#..####.##+...###
#.#...#..######.##......#.#......
#.#..#####...##.#..######.##..###
.....#...#.#.##+#'## #....##..#..
###..#.#.#.#.##...####.#.###..#..
###..'.#.#.#..'.@.'..#.#.#.'..#..
.....###.#.####...##.#.#.#.#..#..
.....# #...# ##'#'##.#.#...#..#..
###..#########..#.##...#####..#..
###...#........##.######..#...#..
......+##.####..#.....#..#'...#..
##.....##.#####.#.###.#.##....#..
#......#...###.#...#...#.....#..
##......###..##.###.#####.....#..


There were no monsters in sight!

Vanquished Creatures
  the Royal Jelly (Slime:5)
  5 orbs of fire (Zot:5)
  8 ancient liches
  Mennas (Vaults:5)
  2 juggernauts
  A shard shrike (Zot:5)
  4 Killer Klowns (Zot:5)
  Margery (Vaults:5)
  Saint Roka (Snake:3)
  Bai Suzhen (Snake:3)
  2 curse toes (Zot:5)
  A caustic shrike (Depths:4)
  Nikola (Depths:2)
  2 golden dragons
  Jory (Vaults:4)
  6 liches
  3 electric golems
  Jorgrun (D:12)
  27 Orb Guardians
  12 tentacled monstrosities
  2 deep elf master archers (Elf:3)
  5 titans
  4 krakens
  3 deep elf blademasters (Elf:3)
  15 acid blobs
  4 quicksilver dragons
  3 sphinxes
  5 death cobs
  Polyphemus (Shoals:4)
  6 tengu reavers
  Kirke (D:15)
  4 storm dragons
  8 shadow dragons
  6 nagarajas
  5 draconian monks
  9 azure jellies
  12 vault wardens
  3 draconian knights
  3 iron dragons
  An orc warlord (Vaults:4)
  9 fire giants
  2 draconian scorchers
  2 deep elf elementalists
  7 deep elf sorcerers
  A ghost moth (Zot:3)
  A balrug (Depths:1)
  4 imperial myrmidons (Desolation)
  Aizul (Snake:1)
  4 draconian shifters
  A draconian stormcaller (Zot:5)
  Louise (Snake:4)
  12 frost giants
  2 war gargoyles (Vaults:5)
  A ghoul (Vaults:3)
  18 stone giants
  5 draconian annihilators
  8 ironheart preservers
  An entropy weaver (Vaults:2)
  2 green draconians
  7 spriggan defenders
  13 very ugly things
  Nessos (D:15)
  3 vampire knights
  5 deep elf demonologists
  6 black draconians
  10 red draconians
  13 yellow draconians
  A dire elephant (Lair:6)
  8 deep elf annihilators
  7 spark wasps
  2 halazid warlocks (Desolation)
  5 merfolk javelineers (Shoals:4)
  11 purple draconians
  7 white draconians
  8 deep elf death magi
  14 ettins
  2 death oozes (Slime:5)
  The ghost of Fudesupn the Blocker, a journeyman GnFi of Okawaru (Lair:3)
  Snorg (D:11)
  14 fire dragons
  5 deep elf high priests
  2 crystal guardians
  The ghost of confidenceinterval the Spear-Bearer, a journeyman MfGl of Okawaru (Lair:1)
  9 ice dragons
  2 jiangshi (Depths:5)
  9 ragged hierophants (Desolation)
  6 merfolk impalers
  12 yaktaur captains
  4 rakshasas
  Erolcha (Orc:2)
  8 great orbs of eyes
  18 anacondas
  41 vault guards
  13 peacekeepers (Desolation)
  3 spriggan air magi (Depths:3)
  4 servants of whispers (Desolation)
  Erica (D:11)
  17 centaur warriors
  6 hydras
  2 catoblepae
  4 merfolk avatars
  5 satyrs
  9 naga warriors
  43 two-headed ogres
  9 dancing weapons
  3 death knights
  18 deep troll shamans
  13 ogre magi
  3 alligator snapping turtles
  4 merfolk aquamancers (Shoals:4)
  2 deep troll earth magi
  4 tengu warriors
  2 death yaks (Shoals:4)
  A vampire mage (Depths:5)
  A shock serpent (shapeshifter) (Vaults:2)
  5 orc high priests
  10 naga sharpshooters
  4 spriggan berserkers
  5 shock serpents
  10 deep elf knights
  3 small abominations
  2 sun demons (Depths:1)
  12 hell knights
  7 salamander mystics
  A shadow wraith (Vaults:4)
  8 skeletal warriors
  24 deep trolls
  9 sea snakes
  8 iron trolls
  A sea snake (shapeshifter) (Depths:3)
  5 naga ritualists
  5 wizards
  3 spriggan druids (Depths:2)
  A flayed ghost (Depths:4)
  4 glowing orange brains
  4 unseen horrors
  8 deep elf archers
  4 lindwurms (Snake:4)
  6 necromancers
  24 ironbrand convokers
  19 harpies
  5 phantasmal warriors
  29 orc knights
  17 mana vipers
  5 wolf spiders
  A tengu skeleton (Vaults:4)
  7 orc sorcerers
  9 salamanders
  9 cyclopes
  2 fauns (shapeshifter)
  50 deep elf magi
  30 fauns
  4 oklob plants (Lair:3)
  3 shining eyes (Slime:5)
  4 human zombies
  15 manticores
  33 ugly things
  8 merfolk sirens
  10 moths of wrath
  8 elephants (Lair:6)
  10 guardian serpents
  36 black mambas
  2 frost giant skeletons (Vaults:3)
  5 water nymphs
  19 naga magi
  3 eyes of devastation
  An orange demon (Depths:2)
  9 vault sentinels
  10 spiny frogs
  6 centaur skeletons
  5 freezing wraiths
  10 komodo dragons
  A yaktaur (shapeshifter) (Depths:5)
  2 yaktaur zombies
  31 yaktaurs
  A tormentor (Depths:2)
  4 rime drakes (Lair:6)
  A human skeleton (Vaults:4)
  5 trolls
  2 hellwings (Depths:2)
  A wind drake (shapeshifter) (Depths:1)
  4 tengu conjurers
  38 merfolk
  4 polar bears
  3 wind drakes
  52 saltlings (Desolation)
  18 hornets
  16 hippogriffs
  13 dream sheep
  75 slime creatures
  2 frost giant simulacra
  An ettin zombie (Vaults:1)
  A slime creature (shapeshifter) (Vaults:3)
  14 blink frogs
  4 snapping turtles
  A redback (Vaults:2)
  A redback (shapeshifter) (Elf:2)
  8 spriggans (Depths:2)
  A ynoxinul (Abyss:2)
  3 air elementals
  A centaur simulacrum (D:15)
  3 wraiths
  3 shadows
  13 water elementals
  5 wyverns
  A spriggan (shapeshifter) (Vaults:4)
  7 basilisks
  29 yaks
  2 basilisks (shapeshifter)
  A golden eye (shapeshifter) (Vaults:3)
  3 hungry ghosts
  A steam dragon (D:12)
  A human (shapeshifter) (Elf:3)
  5 golden eyes (Slime:1)
  2 fire elementals (Elf:2)
  A chaos spawn (Depths:2)
  3 vampire mosquitoes (D:15)
  2 human simulacra
  3 acid dragons
  10 wargs
  30 nagas
  A soldier ant (D:8)
  16 water moccasins
  12 porcupines
  6 ice beasts
  2 floating eyes
  6 black bears
  69 orc warriors
  6 sky beasts
  2 black bears (shapeshifter)
  7 eyes of draining
  3 boggarts (Depths:2)
  47 ogres
  7 phantoms
  32 centaurs
  21 wolves
  A big kobold (D:9)
  12 crocodiles
  9 earth elementals
  21 bullfrogs
  11 killer bees
  7 scorpions
  A scorpion (shapeshifter) (Vaults:1)
  9 wights
  An orc simulacrum (Vaults:1)
  7 howler monkeys
  5 spriggan skeletons (D:13)
  5 jellies
  8 crimson imps
  3 bullfrog zombies
  2 quasits
  12 hounds
  5 centaur zombies
  2 bullfrog skeletons
  A gnoll shaman (D:4)
  26 orc priests
  25 orc wizards
  6 iguanas
  14 worker ants
  A hound zombie (D:9)
  A worker ant zombie (D:8)
  3 gnolls (D:4)
  14 adders
  6 shadow imps
  2 worms
  4 dart slugs
  6 leopard geckos
  101 orcs
  8 bats
  5 giant cockroaches
  6 goblins
  14 hobgoblins
  3 jackals (D:5)
  3 quokkas
  8 frilled lizards
  A giant cockroach zombie (D:5)
  16 kobolds
  A leopard gecko skeleton (D:8)
  A leopard gecko zombie (D:8)
  5 rats
  A butterfly (D:7)
  2 crawling corpses (Elf:3)
  A fungus (Lair:5)
  14 plants
  9 tentacles
2343 creatures vanquished.

Vanquished Creatures (collateral kills)
  A juggernaut (Depths:3)
  An Orb Guardian (Zot:5)
  The ghost of Ecatez the Peltast, an adept HOMo of Beogh (Vaults:1)
  An acid blob (Slime:5)
  A nagaraja (Snake:4)
  A frost giant (Depths:3)
  2 stone giants (Depths:3)
  A very ugly thing (Depths:3)
  A deep troll earth mage (Depths:3)
  2 hell knights (Depths:3)
  An iron troll (Depths:3)
  A skeletal warrior (D:12)
  2 deep trolls (Depths:3)
  A sea snake (Lair:6)
  A necromancer (Depths:3)
  A shining eye (Slime:5)
  2 ugly things
  2 black mambas
  A rime drake (Lair:6)
  A komodo dragon (Lair:6)
  3 slime creatures
  A golden eye (Slime:1)
  A basilisk (D:12)
  A black bear (Lair:2)
  A quokka (D:12)
32 creatures vanquished.

Vanquished Creatures (others)
  A storm dragon (Vaults:4)
  A stone giant (Depths:3)
  A merfolk javelineer (Shoals:4)
  A satyr (Shoals:4)
  A naga sharpshooter (Snake:4)
  An unseen horror (D:15)
  A mana viper (Snake:3)
  An ugly thing (Depths:3)
  A cyclops (Vaults:1)
  12 yaktaurs
  A troll (D:14)
  2 merfolk (Shoals:4)
  A water elemental (Shoals:4)
  A human (D:15)
  A naga (Snake:3)
  6 centaurs
  An orc wizard (Orc:2)
  4 fungi
  100 plants
  3 snaplasher vines
  15 tentacles
156 creatures vanquished.

Grand Total: 2531 creatures vanquished

Notes
Turn   | Place    | Note
-------+----------+-------------------------------------------
     0 | D:1      | littletow the Octopode Monk began the quest for the Orb.
     0 | D:1      | Reached XP level 1. HP: 16/16 MP: 1/1
   207 | D:1      | Reached XP level 2. HP: 21/21 MP: 2/2
   660 | D:1      | Reached XP level 3. HP: 27/27 MP: 3/3
   985 | D:1      | Found a shimmering altar of Xom.
  1543 | D:2      | Reached skill level 4 in Fighting
  1862 | D:2      | Reached XP level 4. HP: 23/33 MP: 4/4
  2660 | D:3      | Reached XP level 5. HP: 38/38 MP: 5/5
  2787 | D:3      | Found a hide-covered altar of Uskayaw.
  3021 | D:3      | Reached skill level 5 in Fighting
  3100 | D:3      | Found a shimmering altar of Xom.
  3151 | D:4      | Reached skill level 1 in Axes
  3155 | D:4      | Found a radiant altar of Vehumet.
  3181 | D:4      | Found Honkuppu's Magic Scroll Shop.
  3227 | D:4      | Reached XP level 6. HP: 31/45 MP: 6/6
  3368 | D:4      | Bought a scroll of blinking for 82 gold pieces
  3368 | D:4      | Bought a scroll of identify for 22 gold pieces
  3368 | D:4      | Bought a scroll of remove curse for 33 gold pieces
  3428 | D:4      | Found Zecw's Distillery.
  3507 | D:4      | Found an ornate altar of the Wu Jian Council.
  3682 | D:4      | Found a large runed translucent door.
  3683 | D:4      | Found a large runed translucent door.
  3684 | D:4      | Found a large runed translucent door.
  3684 | D:4      | Found a large runed translucent door.
  3933 | D:4      | Found Ephifawn's Assorted Antiques.
  4111 | D:4      | Found Nyureda's Armour Emporium.
  4336 | D:5      | Entered Level 5 of the Dungeon
  4411 | D:5      | Reached XP level 7. HP: 50/50 MP: 7/7
  4671 | D:5      | Reached skill level 5 in Dodging
  4801 | D:5      | Found a snail-covered altar of Cheibriados.
  5135 | D:6      | Reached skill level 6 in Fighting
  5179 | D:6      | Reached XP level 8. HP: 56/57 MP: 6/8
  5223 | D:6      | Reached skill level 5 in Axes
  5490 | D:6      | Found Eke Ack's Assorted Antiques.
  5500 | D:6      | Bought a tapered wooden wand for 80 gold pieces
  5880 | D:6      | Noticed a yak
  5880 | D:6      | Noticed a yak
  5880 | D:6      | Noticed a yak
  5880 | D:6      | Noticed a yak
  6156 | D:6      | Found a glowing golden altar of the Shining One.
  6579 | D:7      | Noticed a hippogriff
  6587 | D:7      | Found a staircase to the Ecumenical Temple.
  6596 | Temple   | Entered the Ecumenical Temple
  6603 | Temple   | Killed a hippogriff
  6603 | Temple   | Reached skill level 7 in Fighting
  6603 | Temple   | Reached XP level 9. HP: 29/64 MP: 4/9
  7001 | Temple   | Became a worshipper of Warmaster Okawaru
  7001 | Temple   | Reached * piety under Okawaru
  7001 | Temple   | Reached ** piety under Okawaru
  8069 | D:7      | Found a staircase to the Ecumenical Temple.
  8706 | D:8      | Reached skill level 1 in Invocations
  8827 | D:8      | Found Pedin's Distillery.
  8840 | D:8      | Bought a potion of heal wounds for 80 gold pieces
  8840 | D:8      | Bought a potion of curing for 48 gold pieces
  8923 | D:8      | Reached skill level 1 in Evocations
  9138 | D:8      | Reached *** piety under Okawaru
  9138 | D:8      | Reached skill level 8 in Fighting
  9196 | D:8      | Noticed a hornet
  9208 | D:8      | Killed a hornet
  9265 | D:8      | Reached XP level 10. HP: 68/72 MP: 12/12
  9483 | D:8      | Received a gift from Okawaru
  9811 | D:8      | Reached skill level 9 in Fighting
 10030 | D:8      | Reached **** piety under Okawaru
 10126 | D:8      | Found a shadowy altar of Dithmenos.
 10666 | D:8      | Learned a level 2 spell: Swiftness
 10820 | D:9      | Found a staircase to the Lair.
 10821 | D:9      | Found a shimmering blue altar of Sif Muna.
 11307 | D:9      | Reached skill level 1 in Spellcasting
 11587 | D:10     | Entered Level 10 of the Dungeon
 11834 | D:10     | Reached skill level 10 in Fighting
 11929 | D:10     | Reached XP level 11. HP: 80/81 MP: 12/14
 12296 | D:10     | Learned a level 4 spell: Summon Lightning Spire
 12302 | D:10     | Learned a level 5 spell: Silence
 12456 | D:11     | Noticed Snorg
 12467 | D:11     | Killed Snorg
 12467 | D:11     | Reached ***** piety under Okawaru
 12467 | D:11     | Reached skill level 1 in Summonings
 12467 | D:11     | Reached skill level 1 in Air Magic
 12831 | D:11     | Noticed Erica
 12837 | D:11     | Killed Erica
 12837 | D:11     | Received a gift from Okawaru
 12948 | D:11     | Reached skill level 5 in Evocations
 12998 | D:11     | Noticed an eight-headed hydra
 13287 | D:12     | Noticed a red ugly thing
 13294 | D:12     | Killed a red ugly thing
 13309 | D:12     | Found a staircase to the Orcish Mines.
 13535 | D:12     | Noticed Jorgrun
 13779 | D:11     | Noticed a red ugly thing
 13798 | D:11     | Killed a red ugly thing
 14257 | D:4      | Bought a scroll of teleportation for 93 gold pieces
 14257 | D:4      | Bought a scroll labeled OTAORAALOT for 31 gold pieces
 14257 | D:4      | Bought a scroll labeled VUAKAL COU for 31 gold pieces
 14325 | D:4      | Bought a potion of lignification for 39 gold pieces
 14338 | D:4      | Bought a scroll of identify for 22 gold pieces
 14485 | Lair:1   | Entered Level 1 of the Lair of Beasts
 14511 | Lair:1   | Reached XP level 12. HP: 74/89 MP: 13/17
 14804 | Lair:1   | Received a gift from Okawaru
 15678 | Lair:1   | Found a runed translucent gate.
 15678 | Lair:1   | Found a runed translucent gate.
 15679 | Lair:1   | Found a runed translucent gate.
 15679 | Lair:1   | Noticed confidenceinterval's ghost (journeyman MfGl)
 15711 | Lair:1   | Received a gift from Okawaru
 16125 | Lair:2   | Reached skill level 5 in Summonings
 16125 | Lair:2   | Reached skill level 5 in Air Magic
 16477 | Lair:2   | Reached skill level 11 in Fighting
 16477 | Lair:2   | Reached skill level 10 in Axes
 16879 | Lair:2   | Noticed an eight-headed hydra
 16882 | Lair:2   | Killed an eight-headed hydra
 17245 | Lair:2   | Found a staircase to the Snake Pit.
 17657 | Lair:3   | Noticed a seven-headed hydra
 17664 | Lair:3   | Killed a seven-headed hydra
 17697 | Lair:3   | Reached skill level 5 in Spellcasting
 17772 | Lair:3   | Noticed a five-headed hydra
 17782 | Lair:3   | Killed a one-headed hydra
 17782 | Lair:3   | Reached XP level 13. HP: 39/95 MP: 10/20
 18566 | Lair:3   | Found a runed translucent door.
 18566 | Lair:3   | Noticed Fudesupn's ghost (journeyman GnFi)
 19136 | Lair:4   | Found a staircase to the Shoals.
 19348 | Lair:4   | Received a gift from Okawaru
 19824 | Lair:4   | Reached skill level 1 in Shields
 20449 | Shoals:1 | Entered Level 1 of the Shoals
 21001 | Lair:5   | Found a staircase to the Slime Pits.
 22245 | Lair:6   | Entered Level 6 of the Lair of Beasts
 22262 | Lair:6   | Reached skill level 12 in Fighting
 22379 | Lair:6   | Reached skill level 5 in Invocations
 22576 | Lair:6   | Reached skill level 5 in Shields
 22797 | Lair:6   | Reached XP level 14. HP: 93/103 MP: 18/23
 23523 | Lair:6   | Noticed a dire elephant
 24043 | Lair:6   | Got a warped long sword
 24054 | Lair:6   | Got a scorched battleaxe
 24501 | Lair:6   | Killed a dire elephant
 26920 | D:8      | Bought a potion of heal wounds for 80 gold pieces
 26920 | D:8      | Bought a potion of heal wounds for 80 gold pieces
 26920 | D:8      | Bought a potion of haste for 160 gold pieces
 27409 | D:12     | Reached skill level 1 in Hexes
 28057 | D:12     | Killed Jorgrun
 28567 | D:12     | Identified the cursed +2 long sword "Epuagrun" {protect,
                  | SInv} (You found it on level 6 of the Lair of Beasts)
 28579 | D:12     | Identified the cursed +2 battleaxe "Ypoticuf" {elec, rElec
                  | rC+ Dex+4} (You found it on level 6 of the Lair of Beasts)
 29014 | D:13     | Received a gift from Okawaru
 29026 | D:13     | Identified a scroll of acquirement
 30097 | D:14     | Found a gate to the Vaults.
 30111 | D:14     | Reached XP level 15. HP: 96/109 MP: 20/24
 30121 | D:14     | Reached skill level 13 in Fighting
 30122 | D:14     | Reached skill level 10 in Shields
 31780 | D:14     | Reached skill level 14 in Fighting
 31970 | D:14     | Reached ****** piety under Okawaru
 32345 | D:14     | Learned a level 3 spell: Regeneration
 32347 | D:14     | Learned a level 1 spell: Animate Skeleton
 32352 | D:14     | Learned a level 4 spell: Animate Dead
 32359 | D:14     | Learned a level 6 spell: Deflect Missiles
 32371 | D:15     | Entered Level 15 of the Dungeon
 32606 | D:15     | Reached skill level 1 in Necromancy
 32898 | D:15     | Reached skill level 1 in Charms
 32914 | D:15     | Received a gift from Okawaru
 33110 | D:15     | Noticed Kirke
 33318 | D:15     | Killed Kirke
 33719 | D:15     | Found Jaclo's Gadget Shoppe.
 33724 | D:15     | Bought a wand of acid (5) for 234 gold pieces
 33724 | D:15     | Bought a wand of iceblast (5) for 117 gold pieces
 33724 | D:15     | Bought a wand of acid (3) for 182 gold pieces
 33780 | D:15     | Noticed Nessos
 33812 | D:15     | Killed Nessos
 33812 | D:15     | Received a gift from Okawaru
 33969 | D:15     | Found a staircase to the Depths.
 34183 | Orc:1    | Entered Level 1 of the Orcish Mines
 34420 | Orc:2    | Entered Level 2 of the Orcish Mines
 34459 | Orc:2    | Found a staircase to the Elven Halls.
 34571 | Orc:2    | Noticed Erolcha
 34596 | Orc:2    | Reached XP level 16. HP: 116/120 MP: 18/25
 34600 | Orc:2    | Killed Erolcha
 34994 | Orc:2    | Reached skill level 15 in Fighting
 35328 | Orc:2    | Found Mupreeth's Book Shop.
 35328 | Orc:2    | Found Funolergh's Weapon Emporium.
 35396 | Orc:2    | Found Marireff's Distillery.
 35396 | Orc:2    | Found Rurisu Luod's Magic Scroll Emporium.
 35405 | Orc:2    | Bought a scroll of summoning for 114 gold pieces
 35405 | Orc:2    | Bought a scroll of immolation for 42 gold pieces
 35693 | Orc:2    | Received a gift from Okawaru
 35697 | Orc:2    | Got a scorched shield {god gift}
 35800 | Orc:2    | Identified the +0 shield "Javen" {rPois rF+} (Okawaru
                  | gifted it to you on level 2 of the Orcish Mines)
 36215 | Orc:1    | Got a clouded ruby amulet
 36216 | Orc:1    | Identified the amulet "Uze Tua" {Reflect rElec rF+ MP-9
                  | SH+4} (You acquired it on level 1 of the Orcish Mines)
 36301 | Orc:2    | Bought a scroll of acquirement for 624 gold pieces
 36302 | Orc:2    | Got a scintillating jade ring
 36303 | Orc:2    | Identified the ring "Secled" {rN+++ Slay-3 Stlth+} (You
                  | acquired it on level 2 of the Orcish Mines)
 36351 | Elf:1    | Entered Level 1 of the Elven Halls
 36404 | Elf:1    | Found a ruined gateway.
 36413 | Desolati | Entered the Desolation of Salt
 36888 | Desolati | Got a steaming granite ring
 36893 | Desolati | Identified the ring of Johepnel {rN+ Str+3 Dex+4 Stlth+}
                  | (You found it in the Desolation of Salt)
 36926 | Desolati | Reached skill level 5 in Necromancy
 36935 | Desolati | Reached skill level 10 in Dodging
 37810 | Desolati | Reached skill level 5 in Charms
 37810 | Desolati | Reached XP level 17. HP: 92/129 MP: 19/28
 38127 | Desolati | Identified the Papyrus of Calling and Changing
 38148 | Desolati | Identified Lom Lobon's Disquisition on Attacks
 38258 | Desolati | Reached skill level 16 in Fighting
 38496 | Desolati | Identified the ring of Sizit {EV+4 Str+4 Int+2 Slay+2}
 38520 | Desolati | Identified Cigotuvi's Guide on Mutagenic Necromancy
 38525 | Desolati | Got a slimy glass ring
 38538 | Desolati | Identified the ring "Damipec" {Ice rElec rPois} (You found
                  | it in the Desolation of Salt)
 38552 | Desolati | Got a pitted hunting sling
 38554 | Desolati | Identified the +7 hunting sling of Subjectivity {velocity,
                  | Dex+4} (You found it in the Desolation of Salt)
 39265 | Elf:1    | Received a gift from Okawaru
 39527 | Elf:1    | Cast into level 2 of the Abyss (a deep elf demonologist)
 39553 | Abyss:2  | Learned a level 2 spell: Passwall
 39559 | Abyss:2  | Learned a level 5 spell: Summon Forest
 39573 | Abyss:2  | Noticed a bone dragon
 39619 | Elf:1    | Escaped the Abyss
 40910 | Elf:2    | Reached skill level 5 in Hexes
 41476 | Elf:2    | Found a runed translucent gate.
 41476 | Elf:2    | Found a runed translucent gate.
 41477 | Elf:2    | Found a runed translucent gate.
 42146 | Elf:3    | Entered Level 3 of the Elven Halls
 42236 | Elf:3    | Received a gift from Okawaru
 42461 | Elf:3    | Reached skill level 17 in Fighting
 42665 | Elf:3    | Reached XP level 18. HP: 139/139 MP: 21/30
 43053 | Elf:3    | Found Aczogewae's Antique Armour Shoppe.
 43825 | Elf:3    | Reached skill level 18 in Fighting
 44400 | Elf:3    | Noticed a Tzitzimitl
 44432 | Elf:3    | Noticed a deep elf master archer
 44447 | Elf:3    | Killed a deep elf master archer
 44451 | Elf:3    | Killed a ghostly deep elf master archer
 44462 | Elf:3    | Received a gift from Okawaru
 44507 | Elf:3    | Noticed a deep elf blademaster
 44507 | Elf:3    | Noticed a deep elf blademaster
 44508 | Elf:3    | Noticed a deep elf blademaster
 44508 | Elf:3    | Noticed a deep elf master archer
 44517 | Elf:3    | Killed a deep elf blademaster
 44525 | Elf:3    | Killed a deep elf blademaster
 44530 | Elf:3    | Killed a deep elf blademaster
 44530 | Elf:3    | Killed a deep elf master archer
 44664 | Elf:3    | Got a jewelled battleaxe
 44666 | Elf:3    | Got a clouded granite ring
 44670 | Elf:3    | Identified the Grimoire of Assistive Weightlessness
 44674 | Elf:3    | Identified the Incunabulum of Dramatic Exits
 44688 | Elf:3    | Identified the +0 spear of Yredelemnul's Scorn {drain,
                  | +Blink MR++ Int+2 Stlth-} (You found it on level 3 of the
                  | Elven Halls)
 44691 | Elf:3    | Identified Sif Muna's Compendium of Evil Secrets and the
                  | Birds
 44709 | Elf:3    | Got a transparent jade ring
 44710 | Elf:3    | Identified the ring "Wooja" {rPois rC+} (You found it on
                  | level 3 of the Elven Halls)
 44712 | Elf:3    | Identified the ring "Vomazib" {+Blink rCorr Dex+2 Slay+3
                  | Stlth+} (You found it on level 3 of the Elven Halls)
 44717 | Elf:3    | Got a pitted lead ring
 44733 | Elf:3    | Got a transparent silver ring
 44735 | Elf:3    | Identified the cursed ring of Xophizxe {+Inv Int-3 Dex+4
                  | Stlth+} (You found it on level 3 of the Elven Halls)
 44737 | Elf:3    | Identified the ring of Laeda {rElec rF+++ MR- Str+2 Int+2}
                  | (You found it on level 3 of the Elven Halls)
 44752 | Elf:3    | Got a steaming hunting sling
 44753 | Elf:3    | Identified the +7 hunting sling "Kyolalio" {venom, rElec}
                  | (You found it on level 3 of the Elven Halls)
 44766 | Elf:3    | Got a transparent halberd
 44771 | Elf:3    | Got a slimy bronze ring
 44998 | Elf:3    | Noticed a Tzitzimitl
 45197 | Elf:3    | Found Aczogewae's Antique Armour Shoppe.
 45668 | Elf:3    | Identified the ring of Xyt Puat {*Tele rElec} (You found it
                  | on level 3 of the Elven Halls)
 46101 | D:4      | Bought a potion of might for 52 gold pieces
 46101 | D:4      | Bought a potion of mutation for 104 gold pieces
 46101 | D:4      | Bought a potion of might for 52 gold pieces
 46101 | D:4      | Bought a potion of mutation for 104 gold pieces
 46101 | D:4      | Bought a potion of heal wounds for 65 gold pieces
 46101 | D:4      | Bought a potion of mutation for 104 gold pieces
 46279 | Lair:1   | Killed confidenceinterval's ghost
 46371 | Lair:3   | Killed Fudesupn's ghost
 46627 | Lair:3   | Got a transparent great sword
 46728 | Snake:1  | Entered Level 1 of the Snake Pit
 46999 | Snake:1  | Reached skill level 1 in Translocations
 47581 | Snake:1  | Reached skill level 19 in Fighting
 47787 | Snake:1  | Noticed Aizul
 47797 | Snake:1  | Killed Aizul
 48185 | Snake:2  | Received a gift from Okawaru
 48489 | Snake:2  | Reached XP level 19. HP: 141/149 MP: 22/31
 48728 | Snake:2  | Received a gift from Okawaru
 48863 | Snake:2  | Found Otrum's Gadget Shop.
 48864 | Snake:2  | Found Moupu's Jewellery Shoppe.
 48865 | Snake:2  | Found Hohos's Gadget Shop.
 49084 | Snake:3  | Found Laamn's Book Boutique.
 49142 | Snake:3  | Found Silabeif's Magic Scroll Boutique.
 49242 | Snake:3  | Bought a scroll of fog for 32 gold pieces
 49343 | Snake:3  | Noticed Saint Roka
 49359 | Snake:3  | Killed Saint Roka
 49783 | Snake:3  | Found a shimmering altar of Xom.
 50021 | Snake:3  | Noticed Bai Suzhen
 50038 | Snake:3  | Killed Bai Suzhen
 50261 | Snake:4  | Entered Level 4 of the Snake Pit
 50586 | Snake:4  | Noticed Louise
 50595 | Snake:4  | Killed Louise
 51288 | Snake:4  | Received a gift from Okawaru
 51338 | Snake:4  | Received a gift from Okawaru
 51493 | Snake:4  | Reached skill level 20 in Fighting
 51638 | Snake:4  | Reached XP level 20. HP: 154/158 MP: 20/33
 51661 | Snake:4  | Reached skill level 10 in Summonings
 51707 | Snake:4  | Got a serpentine rune of Zot
 52233 | Snake:4  | Learned a level 2 spell: Blink
 52237 | Snake:4  | Learned a level 3 spell: Ozocubu's Armour
 52898 | Shoals:1 | Reached skill level 1 in Ice Magic
 53483 | Shoals:2 | Found a runed translucent door.
 53497 | Shoals:2 | Noticed TimeIsEndless's ghost (journeyman HuFi)
 53629 | Shoals:2 | Reached skill level 10 in Spellcasting
 54929 | Shoals:3 | Received a gift from Okawaru
 55226 | Shoals:3 | Found Utakuasm's Assorted Antiques.
 55269 | Shoals:3 | Bought a scroll of identify for 64 gold pieces
 55523 | Shoals:3 | Got an encrusted whip
 56043 | Shoals:3 | Identified the +5 whip of Glory {slash, Str+2} (You found
                  | it on level 3 of the Shoals)
 56046 | Shoals:4 | Entered Level 4 of the Shoals
 56570 | Shoals:4 | Identified the +4 chain mail of the Komtur {MP+9 Stlth+}
 57463 | Shoals:4 | Found a runed translucent door.
 57475 | Shoals:4 | Noticed fly's ghost (adept MiGl)
 57486 | Shoals:4 | Noticed Polyphemus
 57501 | Shoals:4 | Killed Polyphemus
 57540 | Shoals:4 | Reached XP level 21. HP: 75/165 MP: 10/35
 57636 | Shoals:4 | Identified the amulet "Eqylunuh" {Gourm Int+5}
 57939 | Shoals:4 | Received a gift from Okawaru
 57940 | Shoals:4 | Identified the +3 large shield "Wiofum" {rF+ Int-2 Dex+6
                  | Stlth+} (Okawaru gifted it to you on level 4 of the Shoals)
 58719 | Shoals:4 | Got a barnacled rune of Zot
 59243 | D:4      | Bought a scroll of teleportation for 33 gold pieces
 59243 | D:4      | Bought a scroll of enchant armour for 82 gold pieces
 59526 | Snake:2  | Bought an uncursed ring of see invisible for 315 gold
                  | pieces
 59811 | Vaults:1 | Entered Level 1 of the Vaults
 60514 | Vaults:1 | Reached skill level 21 in Fighting
 61085 | Vaults:1 | Found a runed translucent gate.
 61085 | Vaults:1 | Found a runed translucent gate.
 61085 | Vaults:1 | Found a runed translucent gate.
 61085 | Vaults:1 | Found an ancient bone altar of Kikubaaqudgha.
 61085 | Vaults:1 | Noticed an ancient lich
 61085 | Vaults:1 | Noticed an ancient lich
 61085 | Vaults:1 | Noticed Ecatez's ghost (adept HOMo)
 61086 | Vaults:1 | Noticed Oqaxass's ghost (adept BaSu)
 62314 | Vaults:2 | Received a gift from Okawaru
 62624 | Vaults:2 | Reached XP level 22. HP: 126/174 MP: 28/37
 63081 | Vaults:2 | Found Roxtac's Weapon Emporium.
 63453 | Vaults:2 | Found Efir's Armour Emporium.
 63464 | Vaults:2 | Found Kemu's Armour Emporium.
 63482 | Vaults:2 | Found Macy's Antique Weapon Shop.
 64382 | Vaults:3 | Found a staircase to the Crypt.
 64382 | Vaults:3 | Found an ancient bone altar of Kikubaaqudgha.
 64383 | Vaults:3 | Found a basalt altar of Yredelemnul.
 64464 | Vaults:3 | Found Qiug's Armour Boutique.
 64660 | Vaults:3 | Received a gift from Okawaru
 65395 | Vaults:4 | Reached skill level 15 in Axes
 66503 | Vaults:4 | Found a roughly hewn altar of Beogh.
 66520 | Vaults:4 | Received a gift from Okawaru
 66530 | Vaults:4 | Reached XP level 23. HP: 164/181 MP: 29/38
 67241 | Vaults:4 | Found a blossoming altar of Fedhas.
 67321 | Vaults:4 | Learned a level 6 spell: Shadow Creatures
 67657 | D:8      | Bought a potion of mutation for 128 gold pieces
 67657 | D:8      | Bought a potion of mutation for 128 gold pieces
 67657 | D:8      | Bought a potion of might for 64 gold pieces
 67657 | D:8      | Bought a potion of might for 64 gold pieces
 67657 | D:8      | Bought a potion of haste for 160 gold pieces
 67657 | D:8      | Bought 2 potions of magic for 256 gold pieces
 67805 | Orc:2    | Bought a potion of might for 68 gold pieces
 67805 | Orc:2    | Bought a potion of magic for 136 gold pieces
 67805 | Orc:2    | Bought a potion of haste for 170 gold pieces
 68154 | Vaults:1 | Killed an ancient lich
 68154 | Vaults:1 | Reached skill level 1 in Throwing
 68385 | Vaults:1 | Found an ancient bone altar of Kikubaaqudgha.
 68400 | Vaults:1 | Identified the ring of Gaoxup {MP+9 AC+1} (You found it on
                  | level 1 of the Vaults)
 68577 | Vaults:1 | Killed Ecatez's ghost
 68866 | Vaults:1 | Killed an ancient lich
 69040 | Depths:1 | Entered Level 1 of the Depths
 69337 | Depths:1 | Found a one-way gate to the infinite horrors of the Abyss.
 69573 | Depths:1 | Found a gateway to Hell.
 69696 | Depths:1 | Reached skill level 22 in Fighting
 70189 | Depths:1 | Learned a level 5 spell: Dispel Undead
 70370 | Depths:3 | Found Jipeely's Weapon Boutique.
 70463 | Depths:2 | Received a gift from Okawaru
 70715 | Depths:2 | Found a one-way gate leading to the halls of Pandemonium.
 70739 | Depths:2 | Found a gateway to a ziggurat.
 70746 | Depths:2 | Noticed Nikola
 70762 | Depths:2 | Killed Nikola
 70784 | Depths:2 | Reached skill level 5 in Throwing
 70795 | Depths:2 | Received a gift from Okawaru
 70796 | Depths:2 | Found the +3 hat of Pondering {ponderous, MR+ MP+10 Int+5}
 71554 | Depths:2 | Reached skill level 10 in Evocations
 71696 | Depths:2 | Identified the +5 morningstar of Kenkobi {freeze, rElec
                  | MP+9 Int+4} (You found it on level 2 of the Depths)
 71710 | Depths:2 | Reached XP level 24. HP: 156/189 MP: 30/39
 72092 | Depths:3 | Reached skill level 15 in Shields
 72279 | Depths:3 | Received a gift from Okawaru
 72410 | Depths:3 | Identified the +0 shield "Forget-Me-Not" {rN+ Int+2 Dex-2}
                  | (Okawaru gifted it to you on level 3 of the Depths)
 72635 | Depths:3 | Noticed a juggernaut
 72648 | Depths:3 | Killed a juggernaut
 72885 | Depths:3 | Got a scorched rapier
 73907 | Depths:4 | Reached skill level 10 in Necromancy
 73925 | Depths:4 | Paralysed by a floating eye for 3 turns
 74485 | Depths:4 | Found the +6 arbalest "Damnation" {damnation}
 74559 | Depths:4 | Received a gift from Okawaru
 74936 | Depths:4 | Noticed a caustic shrike
 74954 | Depths:4 | Reached XP level 25. HP: 189/195 MP: 30/39
 75025 | Depths:4 | Identified the Guide on Damage Dealing and Orientation
 75034 | Depths:4 | Identified the +0 fustibalus of Drought {velocity, rF+}
                  | (You found it on level 4 of the Depths)
 75093 | Depths:4 | Noticed a juggernaut
 75099 | Depths:4 | Received a gift from Okawaru
 75107 | Depths:4 | Killed a juggernaut
 75121 | Depths:4 | Identified the +0 hat "Xuusogom" {Str+8 Stlth+} (Okawaru
                  | gifted it to you on level 4 of the Depths)
 75124 | Depths:4 | Identified the Almanac of Vitriolic Boosts
 75378 | Depths:5 | Entered Level 5 of the Depths
 75917 | Depths:5 | Found a gate to the Realm of Zot.
 76481 | Depths:5 | Found a runed translucent door.
 76481 | Depths:5 | Found a shimmering altar of Xom.
 76481 | Depths:5 | Noticed Hettah's ghost (veteran GnWz)
 77322 | Slime:1  | Entered Level 1 of the Pits of Slime
 77576 | Slime:4  | Received a gift from Okawaru
 77785 | Slime:5  | Entered Level 5 of the Pits of Slime
 77814 | Slime:5  | Gained mutation: You are dopey. (Int -2) [a shining eye]
 77873 | Slime:4  | Received a gift from Okawaru
 78119 | Slime:5  | Found a viscous altar of Jiyva.
 78119 | Slime:5  | Noticed the Royal Jelly
 78136 | Slime:5  | Killed the Royal Jelly
 78136 | Slime:5  | Reached skill level 5 in Translocations
 78544 | Slime:5  | Gained mutation: Your spells are a little easier to cast,
                  | but a little less powerful. [a shining eye]
 78545 | Slime:5  | Gained mutation: You tend to lose your temper in combat. [a
                  | shining eye]
 78550 | Slime:5  | Gained mutation: You can translocate small distances at
                  | will. [a shining eye]
 78782 | Slime:4  | Lost mutation: You can translocate small distances at will.
                  | [potion of mutation]
 78782 | Slime:4  | Lost mutation: Your spells are a little easier to cast, but
                  | a little less powerful. [potion of mutation]
 78782 | Slime:4  | Lost mutation: You are dopey. (Int -2) [potion of mutation]
 78782 | Slime:4  | Lost mutation: You tend to lose your temper in combat.
                  | [potion of mutation]
 78782 | Slime:4  | Gained mutation: You are somewhat resistant to further
                  | mutation. [potion of mutation]
 78782 | Slime:4  | Lost mutation: You are somewhat resistant to further
                  | mutation. [potion of mutation]
 78782 | Slime:4  | Gained mutation: You tend to lose your temper in combat.
                  | [potion of mutation]
 78782 | Slime:4  | Gained mutation: You are agile. (Dex +2) [potion of
                  | mutation]
 78783 | Slime:4  | Lost mutation: You tend to lose your temper in combat.
                  | [potion of mutation]
 78783 | Slime:4  | Lost mutation: You are agile. (Dex +2) [potion of mutation]
 78783 | Slime:4  | Gained mutation: You are frail. (-10% HP) [potion of
                  | mutation]
 78783 | Slime:4  | Lost mutation: You are frail. (-10% HP) [potion of
                  | mutation]
 78783 | Slime:4  | Gained mutation: You have a pair of small antennae on your
                  | head. [potion of mutation]
 78859 | Slime:5  | Identified the Papyrus of Fetching Attacks
 78913 | Slime:5  | Got a slimy rune of Zot
 79531 | Vaults:5 | Entered Level 5 of the Vaults
 79531 | Vaults:5 | Noticed Jory
 79544 | Vaults:4 | Killed Jory
 79546 | Vaults:4 | Reached XP level 26. HP: 112/201 MP: 24/39
 80018 | Vaults:4 | Received a gift from Okawaru
 80548 | Vaults:4 | Received a gift from Okawaru
 80702 | Vaults:4 | Got a jewelled hat {god gift}
 80713 | Vaults:4 | Identified the -4 hat "Wyuwixe" {rElec rPois MR+} (Okawaru
                  | gifted it to you on level 4 of the Vaults)
 81051 | Vaults:5 | Noticed an ancient lich
 81051 | Vaults:5 | Identified the +7 leather armour of Ikyacaf {Dex+3}
 81080 | Vaults:5 | Killed an ancient lich
 81607 | Vaults:5 | Noticed Margery
 81630 | Vaults:5 | Killed Margery
 81637 | Vaults:5 | Reached skill level 15 in Evocations
 81769 | Vaults:5 | Identified the Almanac of Icy Attacks
 82075 | Vaults:5 | Received a gift from Okawaru
 82222 | Vaults:5 | Identified the +8 hunting sling "Kacy" {flame, Int+4 Dex+4
                  | Stlth+}
 82257 | Vaults:5 | Noticed Mennas
 82281 | Vaults:5 | Killed Mennas
 82333 | Vaults:5 | Reached XP level 27. HP: 71/207 MP: 27/40
 82577 | Vaults:5 | Noticed an ancient lich
 82589 | Vaults:5 | Killed an ancient lich
 82632 | Vaults:5 | Received a gift from Okawaru
 82633 | Vaults:5 | Identified the +5 hat of Ciymeq {+Blink rElec Int+6}
                  | (Okawaru gifted it to you on level 5 of the Vaults)
 82839 | Vaults:5 | Identified the +3 quarterstaff of Watchfulness {pain, SInv}
 83046 | Vaults:5 | Got a silver rune of Zot
 84024 | Snake:2  | Bought a wand of iceblast (7) for 209 gold pieces
 84024 | Snake:2  | Bought a wand of enslavement (9) for 209 gold pieces
 84024 | Snake:2  | Bought a sack of spiders for 380 gold pieces
 84024 | Snake:2  | Bought a wand of digging (6) for 380 gold pieces
 84024 | Snake:2  | Bought a sack of spiders for 380 gold pieces
 84024 | Snake:2  | Bought a sack of spiders for 380 gold pieces
 84028 | Snake:2  | Bought a wand of acid (8) for 288 gold pieces
 84028 | Snake:2  | Bought a box of beasts for 240 gold pieces
 84428 | Zot:1    | Entered Level 1 of the Realm of Zot
 84453 | Zot:1    | Reached skill level 1 in Earth Magic
 84789 | Zot:1    | Learned a level 5 spell: Aura of Abjuration
 85057 | Vaults:2 | Learned a level 5 spell: Borgnjor's Vile Clutch
 85196 | Vaults:3 | Learned a level 5 spell: Summon Mana Viper
 86506 | Zot:5    | Entered Level 5 of the Realm of Zot
 86517 | Zot:5    | Reached skill level 5 in Earth Magic
 86551 | Zot:5    | Noticed an orb of fire
 86551 | Zot:5    | Noticed an orb of fire
 86551 | Zot:5    | Noticed an orb of fire
 86595 | Zot:5    | Received a gift from Okawaru
 87304 | Zot:5    | Received a gift from Okawaru
 87313 | Zot:5    | Noticed an ancient lich
 87319 | Zot:5    | Killed an ancient lich
 87319 | Zot:5    | Received a gift from Okawaru
 87321 | Zot:5    | Noticed an ancient lich
 87330 | Zot:5    | Killed an ancient lich
 87332 | Zot:5    | Noticed an orb of fire
 87336 | Zot:5    | Gained mutation: You are occasionally teleported next to
                  | monsters. [an orb of fire]
 87341 | Zot:5    | Gained mutation: You are sometimes teleported next to
                  | monsters. [an orb of fire]
 87346 | Zot:5    | Gained mutation: Scrolls take you a little longer to read.
                  | [an orb of fire]
 87350 | Zot:5    | Killed an orb of fire
 87351 | Zot:5    | Lost mutation: Scrolls take you a little longer to read.
                  | [potion of mutation]
 87351 | Zot:5    | Gained mutation: You have a pair of antennae on your head.
                  | [potion of mutation]
 87351 | Zot:5    | Gained mutation: You expend magic power (3 MP) to
                  | strengthen your wands. [potion of mutation]
 87352 | Zot:5    | Lost mutation: You expend magic power (3 MP) to strengthen
                  | your wands. [potion of mutation]
 87352 | Zot:5    | Lost mutation: You are sometimes teleported next to
                  | monsters. [potion of mutation]
 87352 | Zot:5    | Gained mutation: One of your tentacles bears a spike.
                  | [potion of mutation]
 87352 | Zot:5    | Gained mutation: Your magical capacity is low. (-10% MP)
                  | [potion of mutation]
 87352 | Zot:5    | Gained mutation: You are agile. (Dex +2) [potion of
                  | mutation]
 87353 | Zot:5    | Lost mutation: One of your tentacles bears a spike. [potion
                  | of mutation]
 87353 | Zot:5    | Lost mutation: You are agile. (Dex +2) [potion of mutation]
 87353 | Zot:5    | Lost mutation: You have a pair of antennae on your head.
                  | [potion of mutation]
 87353 | Zot:5    | Lost mutation: Your magical capacity is low. (-10% MP)
                  | [potion of mutation]
 87353 | Zot:5    | Gained mutation: Scrolls take you a little longer to read.
                  | [potion of mutation]
 87353 | Zot:5    | Gained mutation: Your body sometimes deteriorates upon
                  | taking damage. [potion of mutation]
 87353 | Zot:5    | Gained mutation: You are robust. (+10% HP) [potion of
                  | mutation]
 87353 | Zot:5    | Gained mutation: You are agile. (Dex +2) [potion of
                  | mutation]
 87354 | Zot:5    | Lost mutation: Your body sometimes deteriorates upon taking
                  | damage. [potion of mutation]
 87354 | Zot:5    | Lost mutation: You are robust. (+10% HP) [potion of
                  | mutation]
 87354 | Zot:5    | Lost mutation: You are agile. (Dex +2) [potion of mutation]
 87354 | Zot:5    | Gained mutation: You are weak. (Str -2) [potion of
                  | mutation]
 87354 | Zot:5    | Gained mutation: You expend magic power (3 MP) to
                  | strengthen your wands. [potion of mutation]
 87354 | Zot:5    | Gained mutation: Your magical capacity is low. (-10% MP)
                  | [potion of mutation]
 87354 | Zot:5    | Gained mutation: You are robust. (+10% HP) [potion of
                  | mutation]
 87355 | Zot:5    | Lost mutation: You have a pair of small antennae on your
                  | head. [potion of mutation]
 87355 | Zot:5    | Lost mutation: You are weak. (Str -2) [potion of mutation]
 87355 | Zot:5    | Gained mutation: One of your tentacles bears a spike.
                  | [potion of mutation]
 87355 | Zot:5    | Gained mutation: You have a beak for a mouth. [potion of
                  | mutation]
 87356 | Zot:5    | Lost mutation: One of your tentacles bears a spike. [potion
                  | of mutation]
 87356 | Zot:5    | Lost mutation: You expend magic power (3 MP) to strengthen
                  | your wands. [potion of mutation]
 87356 | Zot:5    | Gained mutation: You are partially covered in thin metallic
                  | scales. (AC +2) [potion of mutation]
 87356 | Zot:5    | Gained mutation: You expend magic power (3 MP) to
                  | strengthen your wands. [potion of mutation]
 87356 | Zot:5    | Gained mutation: You are very robust. (+20% HP) [potion of
                  | mutation]
 87357 | Zot:5    | Lost mutation: You are partially covered in thin metallic
                  | scales. (AC +2) [potion of mutation]
 87357 | Zot:5    | Lost mutation: Your magical capacity is low. (-10% MP)
                  | [potion of mutation]
 87357 | Zot:5    | Lost mutation: Scrolls take you a little longer to read.
                  | [potion of mutation]
 87357 | Zot:5    | Lost mutation: You expend magic power (3 MP) to strengthen
                  | your wands. [potion of mutation]
 87357 | Zot:5    | Gained mutation: Your spells are a little easier to cast,
                  | but a little less powerful. [potion of mutation]
 87357 | Zot:5    | Gained mutation: Your mind is acute. (Int +2) [potion of
                  | mutation]
 87357 | Zot:5    | Gained mutation: You possess an exceptional clarity of
                  | mind. [potion of mutation]
 87358 | Zot:5    | Lost mutation: Your spells are a little easier to cast, but
                  | a little less powerful. [potion of mutation]
 87358 | Zot:5    | Lost mutation: Your mind is acute. (Int +2) [potion of
                  | mutation]
 87358 | Zot:5    | Gained mutation: Your flesh is cold resistant. (rC+)
                  | [potion of mutation]
 87358 | Zot:5    | Gained mutation: You are somewhat resistant to further
                  | mutation. [potion of mutation]
 87359 | Zot:5    | Lost mutation: Your flesh is cold resistant. (rC+) [potion
                  | of mutation]
 87359 | Zot:5    | Lost mutation: You possess an exceptional clarity of mind.
                  | [potion of mutation]
 87359 | Zot:5    | Gained mutation: You are partially covered in yellow
                  | scales. (AC +2) [potion of mutation]
 87380 | Zot:5    | Received a gift from Okawaru
 87393 | Zot:5    | Noticed an ancient lich
 87393 | Zot:5    | Noticed an orb of fire
 87408 | Zot:5    | Killed an orb of fire
 87415 | Zot:5    | Killed an ancient lich
 87471 | Zot:5    | Noticed an ancient lich
 87512 | Zot:5    | Noticed a juggernaut
 87512 | Zot:5    | a Killer Klown changed into a juggernaut
 87618 | Zot:5    | Received a gift from Okawaru
 87689 | Zot:5    | Killed a juggernaut
 87838 | Zot:5    | Killed an ancient lich
 87872 | Zot:5    | Killed an orb of fire
 87928 | Zot:5    | Killed an orb of fire
 87934 | Zot:5    | Received a gift from Okawaru
 87958 | Zot:5    | Killed an orb of fire
 87998 | Zot:5    | Received a gift from Okawaru
 88261 | Zot:5    | Got the Orb of Zot
 88469 | Depths:4 | Noticed Cuwese the pandemonium lord
 88686 | D:12     | Noticed Fyppemn the pandemonium lord
 88941 | D:$      | Escaped with the Orb!

Levels and vault maps discovered:
D:1:      nicolae_arrival_somewhat_less_tricky_arrival, layout_basic,
          hangedman_decor_growths, grunt_decor_mini_mirrors, xom_teletrap_fun
D:2:      layout_basic, first_ration
D:3:      layout_rooms, eat_drink_and_be_merry_uskayaw, marbit_many_paths
D:4:      layout_cave_pods, lemuel_round_altar, vehumet_crystals, serial_shops,
          shop, shop, nicolae_shop_crystal, nicolae_shop_trees,
          minmay_hollow_rounded_squares
D:5:      layout_gridville, nicolae_overflow_crystal_walls
D:6:      layout_gridville, tso_oasis_becter, serial_shops, nicolae_shop_stone
D:7:      layout_basic, minmay_temple_entry_butterflies, grunt_ogre_cave,
          kennysheep_small_square
D:8:      minmay_the_grid_octo_tiled_squarecenter [minmay_the_grid_octo_horde,
          minmay_the_grid_octo_focus, minmay_the_grid_octo_77,
          minmay_the_grid_octo_fat_diamond,
          minmay_the_grid_square_5x5_megaprize_hollow,
          minmay_the_grid_square_5x5_inset,
          minmay_the_grid_square_5x5_fancy_junction,
          minmay_the_grid_square_5x5_fat_x,
          minmay_the_grid_square_5x5_two_walls_a], layout_basic,
          grunt_dithmenos_smoke_and_mirrors, serial_shops, shop
D:9:      layout_long_grid, kennysheep_mini_moat, lair_entry_dummy
D:10:     layout_basic
D:11:     layout_basic, uniq_snorg, uniq_erica
D:12:     layout_irregular_city, minmay_orc_entry_guard_dogs,
          minmay_pinched_square, uniq_jorgrun
D:13:     layout_basic, hangedman_tell_no_tales
D:14:     layout_roguey, erik_vaults_2, minivault_26,
          hangedman_cracks_in_the_wall
D:15:     grunt_enter_depths_magical_seal, layout_rooms, serial_shops, shop,
          minmay_misc_feat_room, uniq_nessos, uniq_kirke
Temple:   minmay_temple_curvy_branch
Lair:1:   layout_regular_city, ebering_ghost_rock_garden, minivault_19,
          chequers_serial_rivers_micro_e, chequers_serial_rivers_micro_c,
          grunt_megastairs_2
Lair:2:   layout_small_grid, minmay_snake_entry_guardpost_medium
Lair:3:   layout_regular_city, gammafunk_ghost_grave, wad_woods_road_03,
          minivault_26, serial_bayou_pond_d, minmay_lair_oklob_chamber
Lair:4:   layout_concentric_octagons, elwin_shoals_entry_stream
Lair:5:   layout_big_grid, minmay_slime_entry_eyes
Lair:6:   gammafunk_lair_ancient_temple, layout_long_grid, minivault_23
Shoals:1: layout_shoals
Shoals:2: layout_shoals, ebering_ghost_inner_flame
Shoals:3: layout_shoals, serial_shops, shop, nicolae_shoals_circle_sea_wall,
          nicolae_shoals_loop_pool
Shoals:4: shoals_end_grunt_garden, layout_shoals, ebering_ghost_reflecting_pool,
          uniq_polyphemus
Snake:1:  layout_misc_corridors, library_closet, uniq_aizul
Snake:2:  layout_rooms, grunt_megastairs_3, minmay_shop_grove
Snake:3:  layout_grid_maze, serial_shops, shop, shop, basic_altar,
          uniq_bai_suzhen, uniq_saint_roka
Snake:4:  snake_pit_salamanders_mu, layout_cave_town, st_stairs_13, uniq_louise
Slime:1:  layout_caves
Slime:2:  layout_caves
Slime:3:  layout_caves
Slime:4:  layout_caves, cheibrodos_slime_lost_civilization_4
Slime:5
Orc:1:    layout_caves, elves_outpost_lemuel
Orc:2:    grunt_orc_tribal_feast, layout_caves, uniq_erolcha
Elf:1:    layout_loops_corners, portal_desolation_entry_garden,
          hangedman_elf_represent
Elf:2:    layout_geoelf_grid, serial_co_window_serial, co_window_paths_a,
          co_window_paths_b, co_window_cross_1, co_window_corner_a,
          co_window_of_opportunity_a, co_window_of_opportunity_a,
          co_window_of_opportunity_a, co_window_corner_a,
          co_window_of_opportunity_a, co_window_cross_2, co_window_corner_cb,
          co_window_of_opportunity_b, glass_columns_b, glass_columns_a,
          glass_columns_a
Elf:3:    minmay_elf_hall_statues, layout_rooms, serial_shops, shop
Vaults:1: gammafunk_vaults_ghost_crypt, v_misc_9, hangedman_vaults_river_flow,
          v_alt_pattern_4, v_alt_pattern_3, hangedman_vaults_maws,
          ontoclasm_vaults_gateway, v_alt_pattern_5, grunt_vaults_hallway_long,
          vaults_dpeg_hooks, nicolae_vaults_little_ls, vaults_room_pools,
          grunt_vaults_hallway_short, ontoclasm_vaults_decontamination,
          vaults_room_hallway, layout_vaults_big_room
Vaults:2: vaults_room_fancy_cross, hangedman_vaults_hat, grunt_vaults_swirl,
          ontoclasm_vaults_twist, hangedman_vaults_stretched_pinwheel, st_cross,
          dpeg_vaults_monster_box, ontoclasm_vaults_hangar,
          ontoclasm_vaults_pinch, ontoclasm_vaults_ring_large,
          nicolae_vaults_theta, hangedman_vaults_restitches,
          layout_vaults_omnibox, serial_shops, shop, nicolae_shop_waterfront,
          shop, nicolae_shop_behind_doors
Vaults:3: nicolae_vaults_hallways_thing, grunt_vaults_hallway_long,
          minmay_crypt_entry_necro_gods, hangedman_vaults_snaps, v_misc_17,
          nicolae_vaults_little_squares_6, ontoclasm_vaults_ring_large,
          nicolae_vaults_branching_niches, hangedman_vaults_capsules,
          nicolae_vaults_rhombus_7, v_misc_5, nicolae_vaults_what_the_h,
          v_misc_23, layout_vaults_maze_snakey, serial_shops,
          nicolae_shop_behind_doors
Vaults:4: v_alt_pattern_4, vaults_room_boxed, v_misc_30,
          nicolae_vaults_specimen_jars, nicolae_vaults_disjoint_gnomons,
          v_rooms_4, vaults_dpeg_spiral, v_misc_23, v_misc_18,
          special_room_vaults [special_room_orc], v_misc_13,
          ontoclasm_vaults_loading_screen, nicolae_vaults_ring_of_whatevers,
          layout_vaults_omnicross, basic_altar
Vaults:5: uniq_margery, uniq_mennas, uniq_jory
Depths:1: layout_cave_shapes, lightli_too_deep, chequers_serial_rivers_small_a,
          abyss_entry, nrook_campfire, kennysheep_generic_room_8
Depths:2: kb_forest_paths, layout_cave_shapes, ziggurat_fallback, hell_entry,
          rand_demon_pan_entry_8, hangedman_abyss_or_decor_passed, abyss_entry,
          serial_sigils_hangedman_gut, uniq_nikola
Depths:3: minmay_strange_plus, layout_cave_shapes,
          chequers_serial_rivers_micro_e, serial_column_ruins,
          column_ruins_portal_squares, column_ruins_open_small,
          column_ruins_corridor_straight, column_ruins_open_tiny,
          column_ruins_grid_3, abyss_entry, serial_shops,
          nicolae_shop_waterfront, hell_entry, pan_entry,
          minmay_staircase_windowed_small
Depths:4: little_maze_vault, layout_cave_pools, hell_entry,
          kennysheep_crisscross, abyss_entry
Depths:5: grunt_x_marks_the_spot, layout_basic, ebering_ghost_xom,
          minmay_misc_feat_alley, hangedman_geh_valley
Zot:1:    layout_basic
Zot:2:    gammafunk_mikee_crab_dinner, layout_onion, grunt_megastairs_4
Zot:3:    minmay_elemental_castle, layout_onion_interference
Zot:4:    kennysheep_ambush_hall, layout_cathedral_of_symmetry, st_stairs_7
Zot:5:    layout_basic, bh_zot_lava_cross

Skill      XL: |  1  2  3  4  5  6  7  8  9 10 11 12 13 14 15 16 17 18 19 20 21 22 23 24 25 26 27 |
---------------+----------------------------------------------------------------------------------+-----
Fighting       | 4 5 6 7 8 10 11 12 14 15 17 19 20 21 22 | 22.0
Dodging        | 4 5 6 7 8 9 10 11 12 13 | 13.6
Axes           | 1 3 4 7 8 9 10 11 12 13 14 15 16 18 | 18.0
Invocations    | 3 4 5 6 7 8 |  8.0
Evocations     | 2 3 5 6 7 8 10 11 13 15 21 | 21.9
Spellcasting   | 1 3 5 6 7 8 9 10 11 12 13 14 | 14.0
Summonings     | 4 6 8 9 10 11 12 13 14 | 14.0
Air Magic      | 4 6 7 8 |  8.0
Shields        | 5 9 10 11 12 13 14 16 18 19 20 | 20.0
Hexes          | 3 5 |  5.0
Necromancy     | 3 5 7 10 12 14 | 14.4
Charms         | 2 5 6 7 |  7.0
Translocations | 2 3 5 |  5.0
Ice Magic      | 3 |  3.0
Throwing       | 5 6 |  6.0
Earth Magic    | 5 |  5.0
Short Blades   | |  3.0
Stealth        | |  2.6

Action                   |  1- 3 |  4- 6 |  7- 9 | 10-12 | 13-15 | 16-18 | 19-21 | 22-24 | 25-27 || total
-------------------------+-------+-------+-------+-------+-------+-------+-------+-------+-------++-------
Melee: Short sword       |    62 |    39 |       |       |       |       |       |       |       ||   101
       Constrict         |    17 |    28 |    28 |    94 |   108 |   212 |   200 |   148 |   169 ||  1004
       Tentacles         |    16 |    17 |    41 |   121 |   303 |   343 |   423 |   499 |   637 ||  2400
       War axe           |       |    55 |   205 |   558 |  1094 |       |       |       |       ||  1912
       Punch             |       |       |     1 |     9 |    23 |    41 |    32 |    37 |    47 ||   190
       Long sword        |       |       |       |       |    16 |       |       |       |       ||    16
       Broad axe         |       |       |       |       |   166 |  1101 |  1280 |  1356 |  1605 ||  5508
       Peck              |       |       |       |       |       |       |       |       |   113 ||   113
Throw: Dart              |       |       |     6 |     3 |     2 |       |       |       |       ||    11
       Throwing net      |       |       |       |       |       |       |       |       |     2 ||     2
 Cast: Summon Lightning  |       |       |       |     2 |    14 |     2 |     1 |       |     2 ||    21
       Silence           |       |       |       |       |     1 |     1 |       |     1 |     3 ||     6
       Regeneration      |       |       |       |       |     1 |    38 |    27 |    29 |    69 ||   164
       Shadow Creatures  |       |       |       |       |       |       |       |     4 |     6 ||    10
       Animate Dead      |       |       |       |       |       |       |       |     4 |       ||     4
       Summon Forest     |       |       |       |       |       |       |       |     1 |     3 ||     4
       Blink             |       |       |       |       |       |       |       |       |     3 ||     3
       Deflect Missiles  |       |       |       |       |       |       |       |       |     2 ||     2
       Passwall          |       |       |       |       |       |       |       |       |     1 ||     1
       Summon Mana Viper |       |       |       |       |       |       |       |       |     1 ||     1
Invok: Heroism           |       |       |     1 |    29 |    54 |    50 |    44 |    26 |    42 ||   246
       Finesse           |       |       |       |       |     1 |     1 |     1 |     1 |     8 ||    12
Evoke: Wand              |       |       |     3 |    34 |    20 |     6 |     8 |    10 |    27 ||   108
       Lamp of fire      |       |       |     1 |     1 |     1 |     1 |     1 |       |       ||     5
  Use: Scroll            |       |     7 |     4 |     7 |    20 |    26 |    10 |    11 |    23 ||   108
       Potion            |       |       |       |       |     3 |    10 |     1 |     3 |    24 ||    41
 Stab: Sleeping          |     8 |    14 |    16 |    18 |    22 |    17 |    35 |    28 |    12 ||   170
       Distracted        |       |       |     1 |     2 |     9 |     4 |     2 |     9 |     4 ||    31
       Paralysed         |       |       |       |       |     7 |       |       |     1 |     5 ||    13
       Invisible         |       |       |       |       |       |     3 |       |       |       ||     3
       Held in net/web   |       |       |       |       |       |       |       |       |     2 ||     2
  Eat: Chunk             |     3 |     7 |    16 |    28 |    47 |     8 |    27 |    24 |     8 ||   168
       Ration            |       |       |       |       |     3 |    12 |     6 |     6 |    13 ||    40
Armor: Skin              |     1 |     4 |     2 |    20 |    55 |    53 |    37 |    37 |    68 ||   277
Dodge: Dodged            |    25 |    80 |   197 |   531 |   668 |   501 |   602 |   535 |   586 ||  3725
       Deflected         |       |       |       |       |       |       |       |       |     7 ||     7
Block: Buckler           |       |       |       |    56 |    21 |       |       |       |       ||    77
       Shield            |       |       |       |       |   528 |   762 |   866 |       |       ||  2156
       Reflection        |       |       |       |       |       |    33 |   169 |    79 |    66 ||   347
       Large shield      |       |       |       |       |       |       |   437 |  1483 |  1402 ||  3322
       Rpst.: Long sword |       |       |       |       |     4 |       |       |       |       ||     4

Table legend:
 A = Non-vault XP
 B = Vault XP
 C = Vault XP percentage of total XP
 D = Non-vault monster count
 E = Vault monster count
 F = Vault count percentage of total count
                 A         B        C        D         E       F
            +---------+---------+-------+---------+---------+-------
      Total |  728503 |  890494 |  55.0 |    1514 |     852 |  36.0
            +---------+---------+-------+---------+---------+-------
        D:1 |      45 |       0 |   0.0 |      25 |       0 |   0.0
        D:2 |      73 |       0 |   0.0 |      19 |       0 |   0.0
        D:3 |      83 |       2 |   2.4 |      17 |       1 |   5.6
        D:4 |     345 |      74 |  17.7 |      16 |       5 |  23.8
        D:5 |     389 |       0 |   0.0 |      13 |       0 |   0.0
        D:6 |    1416 |       0 |   0.0 |      14 |       0 |   0.0
        D:7 |    1254 |     162 |  11.4 |      21 |       2 |   8.7
        D:8 |    2265 |    1941 |  46.1 |      37 |      26 |  41.3
        D:9 |     834 |       0 |   0.0 |      23 |       0 |   0.0
       D:10 |    1702 |       0 |   0.0 |      22 |       0 |   0.0
       D:11 |    4886 |    2051 |  29.6 |      36 |       2 |   5.3
       D:12 |    1748 |    7622 |  81.3 |      17 |      20 |  54.1
       D:13 |    6510 |    1133 |  14.8 |      34 |       7 |  17.1
       D:14 |   13924 |   10882 |  43.9 |      42 |      21 |  33.3
       D:15 |   11579 |    8622 |  42.7 |      37 |      11 |  22.9
     Temple |     259 |       0 |   0.0 |       1 |       0 |   0.0
     Lair:1 |    3516 |    1544 |  30.5 |      18 |       4 |  18.2
     Lair:2 |    6181 |     640 |   9.4 |      25 |       4 |  13.8
     Lair:3 |    6783 |    3781 |  35.8 |      25 |       8 |  24.2
     Lair:4 |    3088 |    1228 |  28.5 |      14 |       4 |  22.2
     Lair:5 |    6697 |     562 |   7.7 |      26 |       2 |   7.1
     Lair:6 |    7767 |    9164 |  54.1 |      29 |      23 |  44.2
   Shoals:1 |    6413 |       0 |   0.0 |      14 |       0 |   0.0
   Shoals:2 |   23939 |       0 |   0.0 |      44 |       0 |   0.0
   Shoals:3 |   19779 |       0 |   0.0 |      30 |       0 |   0.0
   Shoals:4 |   21384 |   26469 |  55.3 |      47 |      37 |  44.0
    Snake:1 |   13273 |    1625 |  10.9 |      25 |       1 |   3.8
    Snake:2 |   15970 |    2391 |  13.0 |      28 |       4 |  12.5
    Snake:3 |   17664 |   11237 |  38.9 |      29 |      14 |  32.6
    Snake:4 |   14031 |   46674 |  76.9 |      25 |      67 |  72.8
    Slime:1 |    6250 |       0 |   0.0 |      14 |       0 |   0.0
    Slime:2 |    3381 |       0 |   0.0 |       5 |       0 |   0.0
    Slime:3 |    3870 |       0 |   0.0 |       8 |       0 |   0.0
    Slime:4 |   13848 |       0 |   0.0 |      12 |       0 |   0.0
    Slime:5 |    9349 |   30246 |  76.4 |      20 |      11 |  35.5
      Orc:1 |    1524 |    4541 |  74.9 |      17 |       8 |  32.0
      Orc:2 |    5902 |    8896 |  60.1 |      62 |      32 |  34.0
      Elf:1 |   13119 |    5615 |  30.0 |      22 |       8 |  26.7
      Elf:2 |   10438 |     886 |   7.8 |      16 |       1 |   5.9
      Elf:3 |   15188 |   40997 |  73.0 |      26 |      26 |  50.0
   Vaults:1 |   31290 |   33395 |  51.6 |      80 |      38 |  32.2
   Vaults:2 |   30680 |   28610 |  48.3 |      55 |      39 |  41.5
   Vaults:3 |   26113 |   28801 |  52.4 |      40 |      40 |  50.0
   Vaults:4 |   30674 |   67136 |  68.6 |      67 |      84 |  55.6
   Vaults:5 |   26428 |  131228 |  83.2 |      34 |      75 |  68.8
   Depths:1 |   19821 |    4209 |  17.5 |      24 |       4 |  14.3
   Depths:2 |   35467 |   25594 |  41.9 |      56 |      29 |  34.1
   Depths:3 |   50954 |   22413 |  30.5 |      65 |      12 |  15.6
   Depths:4 |   26147 |   58564 |  69.1 |      28 |      31 |  52.5
   Depths:5 |   30438 |   20127 |  39.8 |      27 |      17 |  38.6
      Zot:1 |   17895 |       0 |   0.0 |      13 |       0 |   0.0
      Zot:2 |   11121 |    3787 |  25.4 |       8 |       2 |  20.0
      Zot:3 |   23999 |       0 |   0.0 |      17 |       0 |   0.0
      Zot:4 |   15472 |       0 |   0.0 |      12 |       0 |   0.0
      Zot:5 |   55114 |  185660 |  77.1 |      32 |      44 |  57.9
    Abyss:2 |     224 |       0 |   0.0 |       1 |       0 |   0.0
 Desolation |       0 |   51985 | 100.0 |       0 |      88 | 100.0
            +---------+---------+-------+---------+---------+-------
